 Dungeon Crawl Stone Soup version 0.32-a0-799-g95e1662365 (webtiles) character file.

Game seed: 3327862084740583633

90 Shayle the Apothecary (level 4, -9/34 HPs)
             Began as a Coglin Alchemist on Mar 21, 2024.
             Mangled by Crazy Yiuf
             ... wielding a +4 quarterstaff of chaos
              (12 damage)
             ... on level 3 of the Dungeon.
             The game lasted 00:12:56 (2154 turns).

Shayle the Apothecary (Coglin Alchemist)            Turns: 2154, Time: 00:12:56

Health: -9/34      AC:  5    Str:  8    XL:     4   Next: 56%
Magic:  6/6        EV:  5    Int: 17    God:
Gold:   198        SH:  0    Dex: 14    Spells: 5/6 levels left

rFire   + . .        e - +0 mace {Alejandra}
rCold   + . .        m - +0 long sword {Tlalli}
rNeg    . . .        a - +0 robe
rPois   +            (helmet restricted)
rElec   +            h - +1 cloak
rCorr   +            v - +0 pair of gloves
SInv    .            (no boots)
Will    +....        (amulet unavailable)
Stlth   ++           (ring unavailable)
HPRegen 0.25/turn    (ring unavailable)
MPRegen 0.10/turn    (no gizmo)

%: no passive effects
@: brilliant, resistant, enlightened, flying, held, revving
A: off-hand wielding, slow wielding, warmup strikes, no jewellery, beak
a: Invent Gizmo


You were on level 3 of the Dungeon.
You visited 1 branch of the dungeon, and saw 3 of its levels.

You collected 198 gold pieces.

Inventory:

Hand Weapons
 e - a +0 mace (weapon) {Alejandra}
 k - a +0 dagger {Cihuaton}
 m - a +0 long sword (offhand) {Tlalli}
Armour
 a - a +0 robe (worn)
 h - a +1 cloak (worn)
 v - a +0 pair of gloves (worn)
Scrolls
 c - a scroll of vulnerability {unknown}
 i - a scroll of amnesia {unknown}
 j - a scroll of identify {unknown}
 o - a scroll of brand weapon {unknown}
 p - a scroll of butterflies {unknown}
 q - a scroll of fog {unknown}
 s - 4 scrolls of teleportation {unknown}
 w - 2 scrolls of revelation {unknown}
 x - a scroll of enchant armour {unknown}
Potions
 b - a potion of magic
 g - a potion of lignification {unknown}
 t - a potion of degeneration {unknown}
 u - a potion of cancellation {unknown}


   Skills:
 + Level 2.7 Fighting
 + Level 2.4 Ranged Weapons
 - Level 1.7 Dodging
 - Level 1.5 Stealth
 - Level 1.7 Spellcasting
 - Level 0.8 Conjurations
 - Level 3.2 Alchemy


You had 5 spell levels left.
You knew the following spells:

 Your Spells              Type           Power      Damage    Failure   Level
a - Sting                 Conj/Alch      48%        1d6       9%          1

Your spell library contained the following spells:

 Spells                   Type           Power      Damage    Failure   Level
 Mercury Vapours          Alch/Air       20%        N/A       16%         2
 Mephitic Cloud           Conj/Alch/Air  9%         N/A       34%         3
 Olgreb's Toxic Radiance  Alch           19%        N/A       45%         4
 Sticky Flame             Fire/Alch      10%        2d5       69%         4


Dungeon Overview and Level Annotations

Branches:
Dungeon (3/15)

Altars:
Nemelex Xobeh
Sif Muna
Vehumet

Annotations:
D:3 Crazy Yiuf


Innate Abilities, Weirdness & Mutations

You can wield a second weapon in your off-hand.
It takes a long time for you to wield or remove held weapons.
Your first few attacks do less damage.
You cannot equip rings or amulets.
You have a beak for a mouth.


Message History

Unknown command.
Okay, then.
You hit Crazy Yiuf but do no damage.
You barely miss Crazy Yiuf with your +0 mace.
Crazy Yiuf hits you with a +4 quarterstaff of chaos!
Crazy Yiuf freezes you.
Crazy Yiuf hits you with a +4 quarterstaff of chaos.
You are poisoned.
Unknown command.
It was a potion of curing.
You feel better.
Crazy Yiuf cries, "You leg down broken song, no?"
Crazy Yiuf hits you with a +4 quarterstaff of chaos!
You are poisoned.
You feel better. Crazy Yiuf misses you.
You closely miss Crazy Yiuf with your +0 mace.
You closely miss Crazy Yiuf with your +0 long sword.
Crazy Yiuf screams, "Action infinity shoe!"
Crazy Yiuf barely misses you.
You hit Crazy Yiuf but do no damage. You hit Crazy Yiuf with your +0 mace.
Crazy Yiuf whimpers, "Ghoul!"
Crazy Yiuf hits you with a +4 quarterstaff of chaos!
You are electrocuted!
* * * LOW HITPOINT WARNING * * *
Unknown command.
It was a potion of mutation.
You feel extremely strange.
Your mouth lengthens and hardens into a beak!
Crazy Yiuf hits you with a +4 quarterstaff of chaos.
* * * LOW HITPOINT WARNING * * *
You are caught in a web!
It was a potion of enlightenment.
You feel very buoyant.
You fly up into the air.
Crazy Yiuf closely misses you.
It was a potion of resistance.
You feel protected.
Crazy Yiuf whimpers, "Papa!"
Crazy Yiuf hits you but does no damage.
It was a potion of brilliance.
You feel clever all of a sudden.
Crazy Yiuf hits you with a +4 quarterstaff of chaos!
You die...

....§............##
..#...÷#######....#
..........# #....#
#.#.#.....# #....#
....#.....# ##...#
..#.#.##### ##.##
....#.# ##.#
..[.#.# #.##
....#.# ##@#
....#.# #g##
...##.# #'# ......#
... ####### #...#
###### #)..# .....#
##### .....# .....#


You could see Crazy Yiuf.

Vanquished Creatures
  3 adders
  2 dart slugs
  An orc (D:3)
  2 ball pythons
  6 endoplasms
  A giant cockroach (D:1)
  5 goblins
  4 hobgoblins
  8 jackals
  3 quokkas
  5 bats
  2 frilled lizards
  7 kobolds
  A rat (D:1)
50 creatures vanquished.

Notes
Turn   | Place    | Note
-------+----------+-------------------------------------------
     0 | D:1      | Shayle the Coglin Alchemist began the quest for the Orb.
     0 | D:1      | Reached XP level 1. HP: 13/13 MP: 3/3
   162 | D:1      | Reached skill level 1 in Fighting
   162 | D:1      | Reached XP level 2. HP: 21/21 MP: 2/4
   165 | D:1      | Reached skill level 1 in Ranged Weapons
   659 | D:1      | Reached XP level 3. HP: 26/26 MP: 3/5
   847 | D:2      | Found a faded altar of an unknown god.
  1233 | D:2      | Reached XP level 4. HP: 33/34 MP: 6/6
  1243 | D:2      | Upgraded the game from 0.32-a0-791-gfc315c9ecd to
                  | 0.32-a0-799-g95e1662365
  1350 | D:3      | Found a sparkling altar of Nemelex Xobeh.
  1397 | D:3      | Found a runed translucent door.
  1398 | D:3      | Noticed Crazy Yiuf
  1413 | D:3      | Found a radiant altar of Vehumet.
  1499 | D:3      | Found a shimmering blue altar of Sif Muna.
  2151 | D:3      | Gained mutation: You have a beak for a mouth. [potion of
                  | mutation]
  2154 | D:3      | Mangled by Crazy Yiuf

Illustrated notes

Levels and vault maps discovered:
D:1:      giann_forest_graveyard, layout_basic
D:2:      layout_rooms, basic_ecumenical_altar, nicolae_titane
D:3:      layout_basic, mainiacjoe_overflow_six_doors_small,
          mainiacjoe_overflow_catwalk, fiery_altar_vehumet,
          uniq_crazy_yiuf_cottage

Skill      XL: |  1  2  3 |
---------------+----------+-----
Fighting       | 1 2 |  2.7
Ranged Weapons | 1 2 |  2.4
Dodging        | |  1.7
Stealth        | |  1.5
Spellcasting   | |  1.7
Conjurations   | |  0.8
Alchemy        | |  3.2

Action                     |  1- 3 |  4- 6 || total
---------------------------+-------+-------++-------
  Melee: Mace              |    42 |    40 ||    82
         Dagger            |    11 |       ||    11
         Long sword        |    21 |    46 ||    67
   Cast: Sting             |    22 |       ||    22
    Use: Potion            |       |     6 ||     6
   Stab: Sleeping          |     1 |     2 ||     3
 Armour: Robe              |    27 |    32 ||    59
  Dodge: Dodged            |    37 |    48 ||    85

Table legend: (Time is in decaauts)
 A = Elapsed time spent in this place.
 B = Non-inter-level travel time spent in this place.
 C = Inter-level travel time spent in this place.
 D = Time resting spent in this place.
 E = Time spent auto-exploring this place.
 F = Levels seen in this place.
 G = Mean time per level.
                   A        B        C        D        E       F      G
               +--------+--------+--------+--------+--------+-----+--------+
         Total |   2189 |   2154 |     35 |    277 |   1171 |   3 |  729.7 |
       Dungeon |   2189 |   2154 |     35 |    277 |   1171 |   3 |  729.7 |
               +--------+--------+--------+--------+--------+-----+--------+

Top non-repeatable levels by time:
     D:3: 836 daAuts
     D:1: 781 daAuts
     D:2: 571 daAuts
